 Dungeon Crawl Stone Soup version 0.17.0-56-gd8de76c (webtiles) character file.

24704 Larett the Impaler (level 13, -4/105 HPs)
             Began as a Hill Orc Fighter on Dec 6, 2015.
             Was a High Priest of Beogh.
             Slain by a six-headed hydra (6 damage)
             ... called by a spriggan druid
             ... on level 3 of the Swamp.
             The game lasted 01:10:26 (16172 turns).

Larett the Impaler (Hill Orc Fighter)              Turns: 16172, Time: 01:10:27

Health: -4/105     AC: 14    Str: 24    XL:     13   Next: 14%
Magic:  15/15      EV: 10    Int:  8    God:    Beogh [*****.]
Gold:   389        SH: 16    Dex: 10    Spells: 0 memorised, 12 levels left

rFire  + . .     SeeInvis .     a - +10 trident of Bydigroe {venom, rElec}
rCold  . . .     Clarity  .     R - +2 ring mail {rPois}
rNeg   . . .     SustAt   .     y - +2 shield
rPois  +         Gourm    .     q - +0 helmet
rElec  +         Spirit   .     (no cloak)
rCorr  .         Warding  .     (no gloves)
rMut   .         Stasis   .     (no boots)
MR     .....                    (no amulet)
Stlth  ..........               j - ring of invisibility
                                p - +5 ring of protection

@: not resistant to hostile enchantments, extremely unstealthy
A: walk on water, blurry vision 1, fire resistance 1, sense surroundings 1,
regeneration 1, evolution 1
a: Smiting, Recall Orcish Followers, Give Item to Named Follower, Renounce
Religion, Evoke Invisibility


You were on level 3 of the Swamp.
You worshipped Beogh.
Beogh was extremely pleased with you.
You were not hungry.

You visited 4 branches of the dungeon, and saw 17 of its levels.

You collected 809 gold pieces.

Inventory:

Hand Weapons
 a - the +10 trident of Bydigroe (weapon) {venom, rElec}
   (You found it on level 5 of the Dungeon)

   It poisons the flesh of those it strikes.
   It insulates you from electricity.
 b - a +1 shortbow of flaming
 h - a +2 hand axe of freezing
 o - a +1 vampiric dagger
 M - a +2 whip of freezing
 S - a +1 hand axe of freezing
 W - a +3 dagger of flaming
Missiles
 g - 279 stones (quivered)
 s - 135 arrows
 L - 2 arrows of dispersal
Armour
 q - a +0 helmet (worn)
 y - a +2 shield (worn)
 R - a +2 ring mail of poison resistance (worn)
Jewellery
 f - an uncursed ring of fire
 j - a ring of invisibility (right hand)
 k - a +4 ring of strength
 p - a +5 ring of protection (left hand)
 v - a +3 ring of evasion
 B - an uncursed ring of ice
 E - an uncursed ring of poison resistance
 H - an uncursed ring of flight
 T - a +4 ring of dexterity
 Y - an uncursed ring of see invisible
Wands
 l - a wand of disintegration (10)
 t - a wand of paralysis (5)
 x - a wand of polymorph (18)
 A - a wand of lightning (4)
 C - a wand of fire (15)
 O - a wand of magic darts (14)
 Q - a wand of confusion (25)
 V - a wand of lightning (5)
 X - a wand of magic darts (20)
 Z - a wand of teleportation (5)
Scrolls
 n - a scroll of fog
 r - 6 scrolls of remove curse
 w - a scroll of magic mapping
 D - 8 scrolls of teleportation
 G - 3 scrolls of enchant armour
 J - a scroll of recharging
 U - 3 scrolls of fear
Potions
 c - a potion of cure mutation
 d - a potion of might
 m - 8 potions of curing
 K - a potion of lignification
Miscellaneous
 F - a plain deck of wonders {drawn: 8}
Comestibles
 e - 8 bread rations
 i - 9 fruits
 u - 7 meat rations
 I - 7 chunks of flesh
 N - 2 beef jerkies


   Skills:
 - Level 7.4 Fighting
 - Level 2.6 Short Blades
 - Level 2.6(13.5) Axes
 - Level 17.0 Polearms
 - Level 4.6 Bows
 - Level 3.2 Armour
 * Level 12.2 Shields
 - Level 1.8 Invocations
 - Level 3.6 Evocations


You had 12 spell levels left.
You didn't know any spells.

Dungeon Overview and Level Annotations

Branches:
Dungeon (10/15)            Temple (1/1) D:5            Lair (3/8) D:10
  Swamp (3/4) Lair:3
  Snake: Lair:3-6    Spider: Lair:3-6       Orc: D:9-12

Altars:
Ashenzari
Cheibriados
Dithmenos
Elyvilon
Fedhas
Gozag
Kikubaaqudgha
Nemelex Xobeh
Okawaru
Qazlal
Sif Muna
Trog
Vehumet
Xom
Yredelemnul
Zin
The Shining One
Beogh

Annotations:
D:5 1 runed door


Innate Abilities, Weirdness & Mutations

You can walk on water.
Scrolls take you a little longer to read.
Your flesh is heat resistant.
You passively map a small area around you.
Your natural rate of healing is unusually fast.
You evolve.


Message History

You block the six-headed hydra's attack.
The six-headed hydra closely misses you.
The spriggan hits you but does no damage.
You block the six-headed hydra's attack.
The six-headed hydra bites you.
* * * LOW HITPOINT WARNING * * *
You block the six-headed hydra's attack. x3
The six-headed hydra bites you.
* * * LOW HITPOINT WARNING * * *
The spiny frog stings you! Beogh protects you from harm!
The spriggan barely misses you.
You block the six-headed hydra's attack.
The six-headed hydra bites you but does no damage.
You block the six-headed hydra's attack.
The six-headed hydra completely misses you.
The six-headed hydra bites you.
* * * LOW HITPOINT WARNING * * *
The six-headed hydra bites you.
You die...

*, ♣.≈≈..≈)≈♣
♣...♣ **
♣♣.....≈.)♣ ♣.≈≈♣
, * ♣.....≈≈≈.♣
♣≈.♣ ≈
♣......≈≈.♣ ♣≈≈♣♣
♣≈§.≈≈.≈§≈♣ ♣...♣
*...♣...i≈≈♣
♣♣.≈♣♣ ≈
.≈,♣♣.♣.(≈♣♣♣..≈♣
. ≈ ♣♣≈≈FD.♣♣..♣♣
♣♣≈@..♣...♣
♣....♣.≈§♣ ,≈ **
♣♣.≈≈≈)≈≈♣♣ **
♣..≈.≈≈≈.♣ , ,
♣♣....<.♣♣ , *
♣≈≈≈≈.♣♣ ≈ , ,,**
♣§.≈..♣ ....≈≈≈≈♣
, ≈♣≈≈≈≈≈.♣


You could see a six-headed hydra, a spiny frog (frenzied) and a spriggan.

Vanquished Creatures
  A very ugly thing (Swamp:2)
  A ghost crab (Swamp:1)
  2 hydras
  Nergalle (D:10)
  The ghost of sugabear the Cudgeler, a novice GrGl of Kikubaaqudgha (Lair:1)
  A spriggan druid (Swamp:3)
  A swamp dragon (Swamp:2)
  The ghost of sugabear the Ducker, a novice GrGl (D:6)
  Pikel (D:7)
  A black mamba (Lair:1)
  The ghost of sugabear the Cudgeler, a novice GrGl of Kikubaaqudgha (D:6)
  2 spiny frogs
  2 fire drakes
  A troll (D:9)
  2 bog bodies
  A giant leech (Swamp:2)
  A slime creature (D:10)
  3 hippogriffs
  4 spriggans (Swamp:3)
  A deep elf mage (D:10)
  A basilisk (Lair:1)
  2 yaks (Lair:1)
  Grum (D:9)
  A vampire mosquito (Lair:3)
  2 wolves
  7 swamp worms
  4 insubstantial wisps
  3 water moccasins
  A porcupine (Lair:2)
  Duvessa (D:7)
  3 swamp drakes
  2 orc warriors (D:9)
  4 slaves (D:7)
  3 sky beasts
  5 wasps
  2 black bears (D:6)
  3 ice beasts
  A phantom (D:3)
  3 ogres
  4 centaurs
  4 crocodiles
  11 giant frogs
  2 big kobolds
  Dowan (D:7)
  2 scorpions
  A water moccasin skeleton (D:6)
  18 killer bees
  4 crimson imps
  A jelly (D:8)
  3 wights (D:10)
  A centaur skeleton (D:4)
  3 orc priests
  A giant frog skeleton (D:8)
  3 hounds
  7 iguanas
  4 worker ants
  6 orc wizards
  4 sheep (Lair:3)
  A killer bee zombie (D:5)
  6 gnolls
  11 river rats (Lair:1)
  11 adders
  2 shadow imps
  An ooze (D:4)
  3 adder skeletons
  3 worms
  4 giant geckos
  25 orcs
  4 ball pythons
  12 giant cockroaches
  4 hobgoblins
  2 jackals (D:3)
  9 kobolds
  6 quokkas
  9 bats
  2 giant gecko skeletons
  9 giant newts
  9 goblins
  A jackal zombie (D:9)
  7 rats
  A butterfly (D:5)
300 creatures vanquished.

Vanquished Creatures (collateral kills)
  Snorg (D:10)
  2 hydras
  A swamp dragon (Swamp:1)
  A hornet (Swamp:2)
  A black mamba (Lair:2)
  A spiny frog (Lair:3)
  2 komodo dragons
  A queen bee (Lair:1)
  2 giant leeches (Swamp:2)
  2 bog bodies
  5 yaks (Lair:1)
  2 basilisks
  3 vampire mosquitoes
  5 wolves
  5 insubstantial wisps
  A water moccasin (Lair:3)
  6 swamp worms
  A sky beast (D:10)
  A porcupine (Lair:3)
  A phantom (D:10)
  A crocodile (Lair:1)
  9 killer bees (Lair:1)
  2 electric eels (Lair:1)
  A hound (D:10)
  An orc priest (D:9)
  2 iguanas (Lair:1)
  An orc wizard (D:9)
  4 sheep (Lair:3)
  An adder (D:10)
  A gnoll (D:6)
  4 river rats (Lair:1)
  6 orcs (D:9)
77 creatures vanquished.

Vanquished Creatures (others)
  4 orc knights
  A merfolk (Swamp:1)
  An orc wizard (Lair:3)
  13 orcs
  2 butterflies (D:5)
  3 plants (Lair:3)
24 creatures vanquished.

Grand Total: 401 creatures vanquished

Notes
Turn   | Place    | Note
--------------------------------------------------------------
     0 | D:1      | Larett the Hill Orc Fighter began the quest for the Orb.
     0 | D:1      | Reached XP level 1. HP: 19/19 MP: 1/1
    51 | D:1      | Reached skill level 4 in Fighting
    89 | D:1      | Reached XP level 2. HP: 27/27 MP: 2/2
   314 | D:1      | Reached skill level 5 in Fighting
   314 | D:1      | Reached XP level 3. HP: 7/36 MP: 3/3
   971 | D:2      | Gained mutation: Your natural rate of healing is unusually fast. [potion of mutation]
   971 | D:2      | Gained mutation: Your spells are a little harder to cast, but a little more powerful. [potion of mutation]
   971 | D:2      | Gained mutation: You have sharp fingernails. [potion of mutation]
  1235 | D:2      | Reached XP level 4. HP: 41/44 MP: 4/4
  1388 | D:2      | Reached skill level 6 in Fighting
  1460 | D:2      | Found a basalt altar of Yredelemnul.
  1997 | D:3      | Noticed a phantom
  2019 | D:3      | Killed a phantom
  2019 | D:3      | Reached skill level 7 in Fighting
  2019 | D:3      | Reached XP level 5. HP: 26/52 MP: 5/5
  2168 | D:3      | Reached skill level 1 in Evocations
  2177 | D:3      | Reached XP level 6. HP: 54/60 MP: 5/7
  2811 | D:4      | Reached skill level 1 in Short Blades
  3200 | D:5      | Entered Level 5 of the Dungeon
  3229 | D:5      | Found a staircase to the Ecumenical Temple.
  3232 | D:5      | Became a worshipper of Beogh the Brigand
  3259 | Temple   | Entered the Ecumenical Temple
  3682 | D:5      | Reached skill level 1 in Invocations
  3682 | D:5      | Reached XP level 7. HP: 44/66 MP: 9/9
  3900 | D:5      | Found a glowing silver altar of Zin.
  3901 | D:5      | Noticed an angel
  3910 | D:5      | Found a runed door.
  3936 | D:5      | Got a bone trident
  3947 | D:5      | Identified the +10 trident of Bydigroe {venom, rElec} (You found it on level 5 of the Dungeon)
  4047 | D:5      | Reached skill level 1 in Polearms
  4169 | D:6      | Reached * piety under Beogh
  4173 | D:6      | Lost mutation: Your spells are a little harder to cast, but a little more powerful. [mutagenic meat]
  4174 | D:6      | Gained mutation: Your mind is acute. (Int +2) [mutagenic meat]
  4175 | D:6      | Gained mutation: You are resistant to electric shocks. [mutagenic meat]
  4177 | D:6      | Gained mutation: You passively map a small area around you. [mutagenic meat]
  4178 | D:6      | Gained mutation: Your body sometimes deteriorates upon taking damage. [mutagenic meat]
  4205 | D:6      | Noticed sugabear's ghost (novice GrGl)
  4225 | D:6      | Killed sugabear's ghost
  4225 | D:6      | Reached XP level 8. HP: 39/73 MP: 10/10
  4690 | D:6      | Reached skill level 8 in Polearms
  4740 | D:6      | Noticed sugabear's ghost (novice GrGl)
  4756 | D:6      | Killed sugabear's ghost
  4756 | D:6      | Reached skill level 9 in Polearms
  4756 | D:6      | Reached XP level 9. HP: 44/79 MP: 11/11
  5020 | D:7      | Reached skill level 10 in Polearms
  5071 | D:7      | Noticed Duvessa
  5073 | D:7      | Noticed Dowan
  5082 | D:7      | Killed Duvessa
  5095 | D:7      | Killed Dowan
  5171 | D:7      | Reached skill level 11 in Polearms
  5418 | D:7      | Reached ** piety under Beogh
  5602 | D:7      | Found an iron altar of Okawaru.
  5783 | D:7      | Noticed Pikel
  5814 | D:7      | Killed Pikel
  5814 | D:7      | Reached skill level 12 in Polearms
  5814 | D:7      | Reached XP level 10. HP: 86/86 MP: 12/12
  6714 | D:8      | Reached skill level 13 in Polearms
  7125 | D:8      | Reached *** piety under Beogh
  7211 | D:8      | Found an ancient bone altar of Kikubaaqudgha.
  7213 | D:8      | Found a deep blue altar of Sif Muna.
  7213 | D:8      | Found a radiant altar of Vehumet.
  7226 | D:8      | Identified Sif Muna's Collected Works on Moulding
  7233 | D:8      | Identified Kikubaaqudgha's Compendium of Necromancy
  7240 | D:8      | Identified Vehumet's Disquisition on Confrontation
  8125 | D:8      | Gained mutation: You are frail (-10% HP). [mutagenic meat]
  8126 | D:8      | Lost mutation: You are frail (-10% HP). [mutagenic meat]
  8127 | D:8      | Lost mutation: Your mind is acute. (Int +2) [mutagenic meat]
  8128 | D:8      | Gained mutation: You possess an exceptional clarity of mind. [mutagenic meat]
  8129 | D:8      | Gained mutation: Armour fits poorly on your strangely shaped body. [mutagenic meat]
  8332 | D:9      | Found a roughly hewn altar of Beogh.
  8626 | D:9      | Noticed Grum
  8641 | D:9      | Reached skill level 14 in Polearms
  8646 | D:9      | Killed Grum
  9434 | D:10     | Entered Level 10 of the Dungeon
  9528 | D:10     | Noticed Snorg
  9542 | D:10     | Killed Snorg
  9701 | D:10     | Noticed Nergalle
  9707 | D:10     | Noticed a spectral orc warlord
  9715 | D:10     | Killed Nergalle
  9715 | D:10     | Reached **** piety under Beogh
  9715 | D:10     | Reached skill level 15 in Polearms
  9715 | D:10     | Reached XP level 11. HP: 57/92 MP: 13/13
  9792 | D:10     | Gained Okrist as an ally
  9913 | D:10     | Found a staircase to the Lair.
 10111 | Lair:1   | Entered Level 1 of the Lair of Beasts
 10119 | Lair:1   | Noticed sugabear's ghost (novice GrGl)
 10138 | Lair:1   | Your ally Okrist died
 10145 | Lair:1   | Killed sugabear's ghost
 10548 | Lair:1   | Reached skill level 16 in Polearms
 10778 | Lair:1   | Noticed a four-headed hydra
 10786 | Lair:1   | Killed a four-headed hydra
 11069 | Lair:1   | Noticed a seven-headed hydra
 11076 | Lair:1   | Killed a seven-headed hydra
 11076 | Lair:1   | Reached skill level 17 in Polearms
 11081 | Lair:1   | Reached skill level 1 in Bows
 11362 | Lair:1   | Reached ***** piety under Beogh
 11590 | Lair:1   | Lost mutation: You possess an exceptional clarity of mind. [potion of cure mutation]
 11590 | Lair:1   | Lost mutation: You have sharp fingernails. [potion of cure mutation]
 11590 | Lair:1   | Lost mutation: Armour fits poorly on your strangely shaped body. [potion of cure mutation]
 11590 | Lair:1   | Lost mutation: Your body sometimes deteriorates upon taking damage. [potion of cure mutation]
 11590 | Lair:1   | Lost mutation: You are resistant to electric shocks. [potion of cure mutation]
 11831 | D:6      | Reached XP level 12. HP: 100/100 MP: 14/14
 12385 | Lair:2   | Gained mutation: You can breathe flames. [potion of beneficial mutation]
 12704 | Lair:3   | Noticed a seven-headed hydra
 12725 | Lair:3   | Gained Orbeogh as an ally
 13003 | Lair:3   | Reached skill level 5 in Shields
 13029 | Lair:3   | Noticed a six-headed hydra
 13037 | Lair:3   | Killed a six-headed hydra
 13281 | Lair:3   | Found a staircase to the Swamp.
 13298 | Swamp:1  | Entered Level 1 of the Swamp
 13404 | Swamp:1  | Noticed a six-headed hydra
 13412 | Swamp:1  | Killed a six-headed hydra
 13602 | Swamp:1  | Lost mutation: Your natural rate of healing is unusually fast. [helix card]
 13606 | Swamp:1  | Hired Akki the merfolk for 323 gold.
 13607 | Swamp:1  | Hired Tenweim the big kobold for 97 gold.
 13609 | Swamp:1  | Lost mutation: You can breathe flames. [helix card]
 14224 | Swamp:1  | Your ally Akki died
 15328 | Swamp:2  | Reached skill level 10 in Shields
 15456 | Swamp:2  | Noticed a ghost crab
 15475 | Swamp:2  | Your ally Orbeogh died
 15476 | Swamp:2  | Noticed a red very ugly thing
 15493 | Swamp:1  | Killed a ghost crab
 15712 | Swamp:2  | Killed a red very ugly thing
 15718 | Swamp:2  | Gained mutation: Your flesh is heat resistant. [mutagenic meat]
 15719 | Swamp:2  | Gained mutation: Scrolls take you a little longer to read. [mutagenic meat]
 15720 | Swamp:2  | Gained mutation: Your natural rate of healing is unusually fast. [mutagenic meat]
 15721 | Swamp:2  | Gained mutation: You evolve. [mutagenic meat]
 16034 | Swamp:2  | Reached XP level 13. HP: 100/105 MP: 15/15
 16168 | Swamp:3  | HP: 4/105 [six-headed hydra[a spriggan druid] (5)]
 16171 | Swamp:3  | Beogh protects you from harm!
 16172 | Swamp:3  | Slain by a six-headed hydra

Action                   |  1- 3 |  4- 6 |  7- 9 | 10-12 | 13-15 || total
-------------------------+-------+-------+-------+-------+-------++-------
Melee: War axe           |   120 |   156 |    13 |       |       ||   289
       Trident           |       |       |   204 |   609 |    60 ||   873
 Fire: Blowgun           |       |       |       |     7 |       ||     7
Throw: Stone             |       |       |       |     1 |       ||     1
Invok: Convert to Beogh  |       |     1 |       |       |       ||     1
       Recall Orcish Fol |       |       |       |     1 |       ||     1
Evoke: Deck              |       |       |       |     8 |       ||     8
  Use: Scroll            |     4 |       |     7 |    19 |       ||    30
       Potion            |     4 |     2 |     4 |    12 |     1 ||    23
 Stab: Distracted        |       |       |       |     1 |       ||     1
  Eat: Chunk             |     1 |     6 |     9 |    29 |       ||    45
       Pizza             |       |     1 |     1 |     1 |       ||     3
       Beef jerky        |       |       |     1 |     2 |       ||     3
       Meat ration       |       |       |     1 |       |       ||     1
       Royal jelly       |       |       |     1 |     6 |       ||     7
       Fruit             |       |       |       |     5 |       ||     5
